[Event "ETCC Women 2013"]
[Site "Warsaw"]
[Date "2013.11.14"]
[Round "6"]
[White "Johannsdottir, Johanna Bjorg"]
[Black "Puuska, Heini"]
[Result "0-1"]
[ECO "B06"]
[WhiteElo "1901"]
[BlackElo "1982"]
[PlyCount "134"]
[EventDate "2013.??.??"]
[EventCountry "POL"]
[WhiteTeam "Iceland"]
[BlackTeam "Finland"]
[WhiteTeamCountry "ISL"]
[BlackTeamCountry "FIN"]
[TimeControl "40/5400+30:1800+30"]

1. e4 g6 2. d4 Bg7 3. Nf3 d6 4. Bc4 Nf6 5. Nbd2 O-O 6. O-O Nc6 7. Re1 e5 8. c3 Nh5 9. dxe5 dxe5 10. h3 Nf4 11. Nf1 Be6 12. Bb5 Qf6 13. Bxc6 bxc6 14. Be3 Rfd8 15. N1d2 h6 16. Bxf4 Qxf4 17. Qe2 g5 18. Nf1 g4 19. hxg4 Bxg4 20. N1h2 Be6 21. Qe3 Qf6 22. b3 a5 23. c4 Rd6 24. Re2 a4 25.
Rb1 axb3 26. axb3 Qd8 27. Qc3 Rd3 28. Qc2 Rb8 29. Ne1 Rd6 30.
Re3 Rd2 31. Qc3 Qd6 32. Nd3 Ra2 33. Nf3 f5 34. exf5 Bxf5 35. Nfxe5 Bxd3 36. Qxd3 Bxe5 37. Qf5 Bg7 38. Rbe1 Rf8 39. Re8 Qf6 40. Rxf8+ Qxf8 41. Qe6+ Kh8 42. f3 Qc5+ 43. Kh2 Qh5+ 44. Qh3 Be5+ 45. Kh1 Qxh3+ 46. gxh3 Ra1 47. Rxa1 Bxa1 48. f4 Kg7 49. Kg2 Kf6 50. Kg3 Kf5 51. Kf3 Bd4 52. b4 Bc3 53. b5 cxb5 54. cxb5 Bd2 55. Kg3 Bxf4+ 56. Kh4 Ke5 57. Kg4 Bd2 58. h4 Kd5 59. h5 Kc5 60. Kf3 Kxb5 61. Ke2 Bg5 62.
Kd3 Kb4 63. Kc2 c5 64. Kb2 Kc4 65. Kc2 Bf4 66. Kb2 Kd3 67. Ka2 c4 0-1

[Event "ETCC Women 2013"]
[Site "Warsaw"]
[Date "2013.11.14"]
[Round "6"]
[White "Kadziolka, Beata"]
[Black "Kachiani-Gersinska, Ketino"]
[Result "1/2-1/2"]
[ECO "B10"]
[WhiteElo "2327"]
[BlackElo "2365"]
[PlyCount "115"]
[EventDate "2013.??.??"]
[EventCountry "POL"]
[WhiteTeam "Poland"]
[BlackTeam "Germany"]
[WhiteTeamCountry "POL"]
[BlackTeamCountry "GER"]
[TimeControl "40/5400+30:1800+30"]

1. e4 c6 2. c4 e5 3. Nf3 d6 4. d4 Nd7 5. Nc3 Ngf6 6. Be2 Be7 7. O-O O-O 8.
Re1 Qe8 9. Rb1 Bd8 10. Bf1 Qe7 11. h3 Bc7 12. Be3 Rd8 13. Qc2 Nf8 14. b4 Ng6 15. b5 Ba5 16. Nd2 Bxc3 17. Qxc3 c5 18. dxc5 dxc5 19. g3 b6 20.
Bg2 Bb7 21. Bg5 Rd7 22. Qa3 Qe6 23. Rec1 h6 24. Be3 Rad8 25. Rc2 Nf8 26. Kh2 Ba8 27. f3 Nh5 28. Nf1 f5 29. Bf2 f4 30. g4 Nf6 31. Rbb2 g5 32.
Qc3 h5 33. Rd2 hxg4 34. hxg4 Bxe4 35. fxe4 Nxg4+ 36. Kg1 Nxf2 37.
Kxf2 Rd4 38. Qh3 g4 39. Qh4 R8d7 40. Rxd4 cxd4 41. Nd2 Qg6 42.
Rb1 g3+ 43. Kg1 d3 44. Bh3 Rg7 45. Qd8 Qh5 46. Bg2 Qe2 47. Nf3 Qf2+ 48. Kh1 Rh7+ 49. Nh4 d2 50. Qd5+ Kg7 51. Qxe5+ Kf7 52. Qf5+ Ke7 53. Qg5+ Ke8 54. Qe5+ Kd8 55. Qg5+ Kc7 56. Qe5+ Kd8 57. Qf6+ Ke8 58. Qe5+ 1/2-1/2

[Event "ETCC Women 2013"]
[Site "Warsaw"]
[Date "2013.11.14"]
[Round "6"]
[White "Kaplan, Ebru"]
[Black "Sikorova, Olga"]
[Result "1/2-1/2"]
[ECO "C07"]
[WhiteElo "1882"]
[BlackElo "2278"]
[PlyCount "82"]
[EventDate "2013.??.??"]
[EventCountry "POL"]
[WhiteTeam "Turkey"]
[BlackTeam "Czech Republic"]
[WhiteTeamCountry "TUR"]
[BlackTeamCountry "CZE"]
[TimeControl "40/5400+30:1800+30"]

1. e4 e6 2. d4 d5 3. Nd2 c5 4. exd5 Qxd5 5. dxc5 Bxc5 6. Ngf3 Nf6 7. Bc4 Qd8 8. Qe2 Nc6 9. Nb3 Bd6 10. O-O Qc7 11. h3 Bd7 12. a4 h6 13.
Nbd4 Nxd4 14. Nxd4 a6 15. c3 O-O 16. Be3 e5 17. Nc2 Rac8 18.
Bb3 Kh8 19. Rfd1 Rce8 20. a5 Bc5 21. Bxc5 Qxc5 22. Rd2 Be6 23.
Bxe6 Rxe6 24. Qe3 Qb5 25. Nb4 Rfe8 26. Qd3 Qxd3 27. Rxd3 e4 28. Rd2 e3 29. fxe3 Rxe3 30. Rad1 Kh7 31. Nd5 Nxd5 32. Rxd5 R8e7 33. Rd7 Kg6 34. Rxe7 Rxe7 35. Kf2 Kf5 36. Rd4 Ke5 37. Ke3 f5 38.
b4 g5 39. g3 h5 40. c4 Kf6+ 41. Kf3 Ke6
{[%emt 0:04:50] Ke4 Ke5+} 1/2-1/2

[Event "ETCC Women 2013"]
[Site "Warsaw"]
[Date "2013.11.14"]
[Round "6"]
[White "Khotenashvili, Bela"]
[Black "Muzychuk, Mariya"]
[Result "0-1"]
[ECO "E10"]
[WhiteElo "2524"]
[BlackElo "2491"]
[PlyCount "72"]
[EventDate "2013.??.??"]
[EventCountry "POL"]
[WhiteTeam "Georgia"]
[BlackTeam "Ukraine"]
[WhiteTeamCountry "GEO"]
[BlackTeamCountry "UKR"]
[TimeControl "40/5400+30:1800+30"]

1. d4 Nf6 2. c4 e6 3. Nf3 c5 4. d5 b5 5. Bf4 exd5 6. cxd5 Bb7 7. Nc3 b4 8. Nb5 Nxd5 9. Bd6 Qb6 10. Ne5 a6 11. Nc4 Qxb5 12. e4 Nb6 13. Bxf8 Nxc4 14. Bd6 b3 15. Be5 Qb4+ 16. Bc3 Nxb2 17. Qf3 Nd3+ 18. Qxd3 b2 19. Rb1 Qxe4+ 20. Kd2 Qf4+ 21. Qe3+ Qxe3+ 22. fxe3 O-O 23. Rxb2 Be4 24. Rb6 Nc6 25. a4 a5 26. Bb5 Rfb8 27. Rxb8+ Rxb8 28. Ke2 Rb6 29. Ra1 f6 30. g4 Kf7 31. Rc1 d6 32. h4 Nb4 33. Bc4+ d5 34. Bb5 Na2 35.
Bxa5 Nxc1+ 36. Kd1 Rxb5 0-1

[Event "ETCC Women 2013"]
[Site "Warsaw"]
[Date "2013.11.14"]
[Round "6"]
[White "Kosteniuk, Alexandra"]
[Black "Zawadzka, Jolanta"]
[Result "1/2-1/2"]
[ECO "B85"]
[WhiteElo "2510"]
[BlackElo "2383"]
[PlyCount "154"]
[EventDate "2013.??.??"]
[EventCountry "POL"]
[WhiteTeam "Russia"]
[BlackTeam "Poland"]
[WhiteTeamCountry "RUS"]
[BlackTeamCountry "POL"]
[TimeControl "40/5400+30:1800+30"]

1. e4 c5 2. Nf3 e6 3. d4 cxd4 4. Nxd4 Nc6 5. Nc3 Qc7 6. Be2 a6 7. O-O Nf6 8. Be3 Be7 9. f4 d6 10. Qe1 O-O 11. Qg3 Nxd4 12. Bxd4 b5 13.
a3 Bb7 14. Rae1 Rad8 15. Bd3 Rfe8 16. Kh1 Rd7 17. Re2 Qd8 18. Qh3 Bf8 19. f5 e5 20. Bf2 d5 21. Bh4 dxe4 22. Nxe4 Be7 23. Bxf6 Bxf6 24. Nc5 Rc7 25. Nxb7 Rxb7 26. Re4 Rd7 27. Rfe1 Qc7 28. Qh5 Red8 29. g4 g6 30. Qh3 Rd4 31. Qg3 Qe7 32. Qf3 Rxe4 33. Rxe4 Bg5 34. Kg2 Bc1 35. a4 Qc5 36. axb5 axb5 37. fxg6 fxg6 38. Qf6 Rf8 39. Rxe5 Qd4 40. Qe6+ Kg7 41. Re2 Bxb2 42. Qe4 b4 43. g5 Rf4 44. Qxd4+ Bxd4 45. Kg3 Rf7 46. h4 Bc3 47. Re8 Rc7 48. Kg4 Kf7 49. Rb8 Kg7 50. Be4 Rd7 51. Rb5 Kf7 52. Bd5+ Kg7 53. h5 gxh5+ 54. Kxh5 Bd2 55. Bb3 Kf8 56. Kh6 Rc7 57. Rf5+ Ke8 58. Ba4+ Ke7 59. Kxh7 Ke6+ 60. Kg6 Bc3 61. Bb3+ Kd6 62. Rd5+ Ke7 63. Rb5 Kd6 64. Rb6+ Ke5 65. Rf6 Ke4 66. Rf7 Rc5 67. Rf2 Bd4 68. Rf8 Be3 69. Re8+ Re5 70.
Ba4 Rxe8 71. Bxe8 Ke5 72. Bf7 Kd6 73. Kf5 Ke7 74. g6 Bd4 75.
Ke4 Bc3 76. Kd3 Kf8 77. Kc4 Kg7 1/2-1/2

[Event "ETCC Women 2013"]
[Site "Warsaw"]
[Date "2013.11.14"]
[Round "6"]
[White "Kulon, Klaudia"]
[Black "Schut, Lisa"]
[Result "1-0"]
[ECO "A22"]
[WhiteElo "2276"]
[BlackElo "2333"]
[PlyCount "139"]
[EventDate "2013.??.??"]
[EventCountry "POL"]
[WhiteTeam "Poland"]
[BlackTeam "Netherlands"]
[WhiteTeamCountry "POL"]
[BlackTeamCountry "NED"]
[TimeControl "40/5400+30:1800+30"]

1. c4 e5 2. g3 Nf6 3. Nc3 c6 4. Bg2 d5 5. cxd5 cxd5 6. e3 Nc6 7. d4 e4 8. Nge2 Bb4 9. O-O O-O 10. a3 Bxc3 11. Nxc3 Bg4 12. f3 exf3 13. Bxf3 Bh3 14. Bg2 Bxg2 15. Kxg2 Re8 16. b4 Qd7 17. Bd2 Ne7 18. Qf3 Nc8 19. Rae1 Qe6 20. Nb5 Qc6 21. a4 Nb6 22. Qf4 Nxa4 23. Nd6 Re6 24. Nf5 Qc2 25. e4 dxe4 26. d5 Nxd5 27. Nh6+ gxh6 28. Qxf7+ Kh8 29. Qxe6 Qxd2+ 30. Kh1 Qg5 31. Rf5 Nc7 32. Qxe4 Qg7 33. Re5 Nc3 34. Qxb7 Qd7 35. Qxa8+ Nxa8 36. Re8+ Kg7 37. R8e7+ Qxe7 38. Rxe7+ Kg6 39. Rxa7 Nb6 40. Ra6 Ncd5 41. Kg2 h5 42. h4 Kf5 43. b5 h6 44. Ra7 Ne3+ 45. Kf3 Nec4 46. Rf7+ Kg6 47. Rc7 Kf5 48. Rf7+ Kg6 49. Rf4 Nd6 50. Rd4 Nf5 51. Rd8 Kf6 52. Rd1 Ke5 53. Re1+ Kf6 54. Rc1 Nd7 55. b6 Nd6 56. Rd1 Ke6 57. Rb1 Nc4 58. Re1+ Kd5 59. b7 Nce5+ 60. Ke3 Nc4+ 61. Kf4 Nd6 62. Re7 Nb8 63. Rh7 Nc6 64. Rc7 Nb8 65.
Rc8 Na6 66. b8=Q Nxb8 67. Rxb8 Ke6 68. Rb6 Ke7 69. Rxd6 Kxd6 70. Kf5 1-0

[Event "ETCC Women 2013"]
[Site "Warsaw"]
[Date "2013.11.14"]
[Round "6"]
[White "Kursova, Maria"]
[Black "Nicolas Zapata, Irene"]
[Result "1-0"]
[ECO "D37"]
[WhiteElo "2339"]
[BlackElo "2241"]
[PlyCount "95"]
[EventDate "2013.??.??"]
[EventCountry "POL"]
[WhiteTeam "Armenia"]
[BlackTeam "Spain"]
[WhiteTeamCountry "ARM"]
[BlackTeamCountry "ESP"]
[TimeControl "40/5400+30:1800+30"]

1. d4 Nf6 2. Nf3 e6 3. c4 d5 4. Nc3 Be7 5. Bf4 O-O 6. e3 Nbd7 7. a3 c5 8.
cxd5 Nxd5 9. Nxd5 exd5 10. dxc5 Nxc5 11. Be5 Bf5 12. Be2 Qb6 13. O-O Qg6 14. Rc1 Nd3 15. Rc7 Bd8 16. Rxb7 Nxe5 17. Nxe5 Qd6 18. Qd4 Bc7 19. Nf3 Bb6 20. Qf4 Qxf4 21. exf4 Rac8 22. Ba6 Rc6 23. Ne5 Rc2 24. Bd3 Bxd3 25. Nxd3 Rd2 26. Nb4 Re8 27. g3 h6 28.
Rd7 Ree2 29. Nxd5 Bxf2+ 30. Kg2 Bc5+ 31. Kf3 f5 32. g4 Rxh2 33.
gxf5 Rd3+ 34. Ke4 Rd4+ 35. Kf3 Rd3+ 36. Ke4 Rd4+ 37. Kf3 Rdd2 38. f6 Rd3+ 39. Ke4 Rd4+ 40. Ke5 Rh5+ 41. f5 Rhh4 42. Rxg7+ Kf8 43. Re1 Rc4 44. Ne7 Bxe7 45. fxe7+ Ke8 46. f6 Rh5+ 47. Kd6 Rd4+ 48. Ke6 1-0

[Event "ETCC Women 2013"]
[Site "Warsaw"]
[Date "2013.11.14"]
[Round "6"]
[White "Maisuradze, Nino"]
[Black "Brunello, Marina"]
[Result "0-1"]
[ECO "D44"]
[WhiteElo "2302"]
[BlackElo "2248"]
[PlyCount "98"]
[EventDate "2013.??.??"]
[EventCountry "POL"]
[WhiteTeam "France"]
[BlackTeam "Italy"]
[WhiteTeamCountry "FRA"]
[BlackTeamCountry "ITA"]
[TimeControl "40/5400+30:1800+30"]

1. d4 d5 2. c4 c6 3. Nf3 Nf6 4. Nc3 e6 5. Bg5 dxc4 6. e4 b5 7. e5 h6 8. Bh4 g5 9. Nxg5 hxg5 10. Bxg5 Nbd7 11. exf6 Bb7 12. a4 Bb4 13. Be2 Qb6 14. O-O O-O-O 15. Bf3 a6 16. Qe2 Qxd4 17. axb5 axb5 18. Rfd1 Qe5 19. Qxe5 Nxe5 20. Rxd8+ Rxd8 21. Bh5 Rh8 22. Be2 Nd3 23. Nd1 Bd6 24. h4 Be5 25. Rb1 c5 26. b3 Be4 27. bxc4 b4 28. Rb3 Rd8 29. g3 Kc7 30.
h5 Bh7 31. Be3 Bxf6 32. Kh2 Kc6 33. g4 Ne1 34. Bxc5 Kxc5 35. Nb2 Ra8 36. g5 Bxg5 37. Bd1 Ra3 38. Kg1 Rxb3 39. Bxb3 Bc2 40. f4 Bxf4 41. Na4+ Kd4 42. Bxc2 Nxc2 43. c5 Kd5 44. Kf2 Nd4 45. Ke1 Bh6 46. Kd1 Nb3 47. Nb6+ Kxc5 48. Nd7+ Kd6 49. Nf6 Nd4 0-1

[Event "ETCC Women 2013"]
[Site "Warsaw"]
[Date "2013.11.14"]
[Round "6"]
[White "Majdan-Gajewska, Joanna"]
[Black "Girya, Olga"]
[Result "0-1"]
[ECO "B47"]
[WhiteElo "2420"]
[BlackElo "2447"]
[PlyCount "148"]
[EventDate "2013.??.??"]
[EventCountry "POL"]
[WhiteTeam "Poland"]
[BlackTeam "Russia"]
[WhiteTeamCountry "POL"]
[BlackTeamCountry "RUS"]
[TimeControl "40/5400+30:1800+30"]

1. e4 c5 2. Nf3 e6 3. d4 cxd4 4. Nxd4 Nc6 5. Nc3 Qc7 6. g3 a6 7. Bg2 Nf6 8.
O-O d6 9. Re1 Rb8 10. b3 Be7 11. Nce2 Bd7 12. c4 b5 13. cxb5 Nxd4 14. Nxd4 axb5 15. a4 bxa4 16. bxa4 O-O 17. Be3 g6 18. Nb5 Bxb5 19. axb5 Rxb5 20. Ra7 Rb7 21. Rxb7 Qxb7 22. e5 Nd5 23. Bh6 Rb8 24. exd6 Bxd6 25. Qa1 Bf8 26. Bf4 Bg7 27. Qa2 Qb4 28. Bxb8 Qxe1+ 29. Bf1 Bd4 30. Bd6 h5 31. Kg2 Nc3 32. Qa8+ Kh7 33. Qf3 Qxf2+ 34. Qxf2 Bxf2 35. Be5 Ne4 36. Bd3 Nc5 37. Bb5 Be3 38. Kf3 Bg5 39. Bd4 Nb7 40. Be5 Be7 41. Bc6 Na5 42. Bb5 Kg8 43. Bc3 Nb7 44. Be5 f6 45.
Bc7 Kf7 46. Bc6 Nc5 47. Ke3 e5 48. Bd5+ Kf8 49. Ba5 Nd7 50. Bc6 Bc5+ 51. Ke4 Ke7 52. Kd5 Ba3 53. Ba4 Nf8 54. Bc2 Kf7 55. Bd2 Bb2 56. Bb3 Nh7 57. Bh6 Ke7 58. Kc6 f5 59. Bg8 Nf6 60. Bg5 e4 61. Bc4 Bd4 62.
Be2 Bf2 63. Bxf6+ Kxf6 64. Kd5 Kg5 65. Bd1 h4 66. g4 h3 67. Be2 Bg1 68. gxf5 gxf5 69. Bf1 Kg4 70. Be2+ Kf4 71. Bf1 Bxh2 72. Bxh3 e3 73. Bf1 Kf3 74. Ke6 f4 0-1

[Event "ETCC Women 2013"]
[Site "Warsaw"]
[Date "2013.11.14"]
[Round "6"]
[White "Manakova, Maria"]
[Black "Raeva, Elitsa"]
[Result "1-0"]
[ECO "A56"]
[WhiteElo "2324"]
[BlackElo "2361"]
[PlyCount "167"]
[EventDate "2013.??.??"]
[EventCountry "POL"]
[WhiteTeam "Serbia"]
[BlackTeam "Bulgaria"]
[WhiteTeamCountry "SRB"]
[BlackTeamCountry "BUL"]
[TimeControl "40/5400+30:1800+30"]

1. d4 Nf6 2. c4 c5 3. d5 g6 4. Nc3 Bg7 5. e4 d6 6. f3 O-O 7. Bg5 e6 8. Qd2 exd5 9. cxd5 h6 10. Be3 a6 11. a4 h5 12. Nge2 Nbd7 13. Nc1 b6 14. Be2 Re8 15.
O-O Rb8 16. Rb1 Qc7 17. b3 Nf8 18. Nd3 b5 19. axb5 axb5 20. Nxc5 dxc5 21. Bf4 Qb6 22. Bxb5 Bd7 23. Bxd7 N6xd7 24. Bxb8 Rxb8 25. Kh1 Qb4 26. Rbc1 Qxb3 27. f4 h4 28. e5 h3 29. gxh3 Rb4 30. h4 Bh6 31. Qe3 Qc4 32. Qf3 Qxf4 33. Rce1 Nxe5 34. Qe2 Qxh4 35. Qxe5 Bg7 36. Qe8 Rf4 37. Ne2 Rf2 38. Rxf2 Qxf2 39. Ng1 c4 40. Qe2 Qc5 41. Qe4 c3 42.
Nf3 Bf6 43. Re2 Kg7 44. Ne5 Qb5 45. Kg2 Qc5 46. Qc4 Qa3 47. Qc7 Bxe5 48. Qxe5+ Kg8 49. Rc2 Qb3 50. Rxc3 Qb2+ 51. Kg3 Qa1 52. Qe3 Qd1 53. Rd3 Qh5 54. d6 g5 55. Qe4 Nd7 56. Qe8+ Nf8 57. Rd4 Qh8 58. Qe4 Qf6 59. d7 Qd8 60. Qe8 Qc7+ 61. Kg4 f5+ 62. Kxf5 Qc2+ 63. Ke5 Qxh2+ 64. Kd5 Qa2+ 65. Rc4 Qa5+ 66. Rc5 Qa2+ 67. Kd6 Qa6+ 68. Rc6 Qa3+ 69. Rc5 Qa6+ 70. Ke5 Qe2+ 71. Kf6 Qf2+ 72. Rf5 Qb2+ 73. Kxg5 Qg2+ 74. Kf4 Qf2+ 75. Ke4 Qe2+ 76. Kd4 Qd2+ 77. Ke5 Qe3+ 78. Kd6 Qd4+ 79. Kc6 Qc4+ 80. Kb6 Qb4+ 81. Kc7 Qc3+ 82. Kd8 Qg7 83. Qxf8+ Qxf8+ 84. Rxf8+ 1-0

[Event "ETCC Women 2013"]
[Site "Warsaw"]
[Date "2013.11.14"]
[Round "6"]
[White "Matnadze, Ana"]
[Black "Galojan, Lilit"]
[Result "1/2-1/2"]
[ECO "D04"]
[WhiteElo "2373"]
[BlackElo "2301"]
[PlyCount "166"]
[EventDate "2013.??.??"]
[EventCountry "POL"]
[WhiteTeam "Spain"]
[BlackTeam "Armenia"]
[WhiteTeamCountry "ESP"]
[BlackTeamCountry "ARM"]
[TimeControl "40/5400+30:1800+30"]

1. d4 d5 2. Nf3 Nf6 3. e3 c5 4. c4 dxc4 5. Nc3 e6 6. Bxc4 a6 7. a4 cxd4 8. exd4 Nc6 9. O-O Be7 10. h3 O-O 11. Bf4 Nb4 12. Qb3 b6 13.
Rfd1 Bb7 14. Ne5 Nfd5 15. Bg3 Rc8 16. Nxd5 Bxd5 17. Bxd5 Qxd5 18. Qxd5 Nxd5 19. a5 b5 20. Nd7 Rfd8 21. Nb6 Rc2 22. Rdc1 Nb4 23. d5 Rxc1+ 24. Rxc1 Nxd5 25. Kf1 Bb4 26. Nxd5 exd5 27. Ke2 h6 28. Kd3 Re8 29. f3 Bxa5 30. Ra1 Bb6 31. Rxa6 Bg1 32. Ra5 Re3+ 33. Kd2 Rb3 34. Be5 d4 35. Kc2 Rb4 36. Ra1 Rc4+ 37. Kd3 Be3 38.
Ra5 Rb4 39. Kc2 Rc4+ 40. Kd3 Rb4 41. Kc2 f6 42. Bd6 Rc4+ 43. Kd3 Rc1 44. Rxb5 Rd1+ 45. Ke4 Kf7 46. Bc5 Kg6 47. g4 Bg1 48. Bb4 Rb1 49. Bd2 Rd1 50. Ba5 Be3 51. h4 h5 52. Rxh5 Bc1 53. Rb5 d3 54. h5+ Kh6 55.
Bc7 Rf1 56. Rd5 Re1+ 57. Kxd3 Rd1+ 58. Ke4 Rxd5 59. Kxd5 Bxb2 60.
Bf4+ Kh7 61. Ke6 Kg8 62. Bd6 Bc1 63. Be7 Bd2 64. Bd6 Bc3 65. f4 Bb2 66. Bc7 Bc3 67. Bd8 Bb2 68. h6 Bc3 69. Kf5 Kh7 70. hxg7 Kxg7 71. Ke6 Bb2 72. Bb6 Bc3 73. Kd5 Kg6 74. Bd4 Bd2 75. f5+ Kf7 76. Ke4 Bc1 77.
Be3 Bb2 78. Kf3 Bc3 79. Kg3 Be5+ 80. Kh4 Bd6 81. Kh5 Bf8 82. Bd4 Be7 83. Be3 Bf8 1/2-1/2

[Event "ETCC Women 2013"]
[Site "Warsaw"]
[Date "2013.11.14"]
[Round "6"]
[White "Melamed, Tatjana"]
[Black "Bartel, Marta"]
[Result "1/2-1/2"]
[ECO "B51"]
[WhiteElo "2367"]
[BlackElo "2308"]
[PlyCount "96"]
[EventDate "2013.??.??"]
[EventCountry "POL"]
[WhiteTeam "Germany"]
[BlackTeam "Poland"]
[WhiteTeamCountry "GER"]
[BlackTeamCountry "POL"]
[TimeControl "40/5400+30:1800+30"]

1. e4 c5 2. Nf3 d6 3. Bb5+ Nd7 4. O-O a6 5. Bxd7+ Bxd7 6. d4 cxd4 7. Qxd4 e5 8. Qb4 Qc7 9. Nc3 Nf6 10. Bg5 a5 11. Qa3 d5 12. Qb3 dxe4 13.
Bxf6 gxf6 14. Nxe4 Be7 15. Nc3 Qc6 16. Nd5 Bc5 17. Nd2 O-O-O 18. Ne4 Be6 19. c4 f5 20. Nxc5 Qxc5 21. Rfe1 e4 22. Rad1 Rhg8 23. Qe3 Qxe3 24. fxe3 Kb8 25. Rf1 Rd6 26. Rd4 Rgd8 27. Rfd1 Bxd5 28. cxd5 Kc7 29. Kf2 Rb6 30. b3 Kd6 31. Rc1 Rd7 32. Rc8 Rb5 33. Rh8 Rxd5 34. Rxd5+ Kxd5 35. Rxh7 Ke5 36. Ke2 Rc7 37. Kd2 f4 38. exf4+ Kxf4 39. Rh4+ Ke5 40. Rh5+ f5 41. g4 Kd4 42. Rxf5 Rh7 43. Rh5 Rf7 44. Rf5 Rh7 45. Rh5 Rf7 46. Ke2 Rc7 47. Kd2 Rf7 48. Ke2 Rc7 1/2-1/2

[Event "ETCC Women 2013"]
[Site "Warsaw"]
[Date "2013.11.14"]
[Round "6"]
[White "Mkrtchian, Lilit"]
[Black "Vega Gutierrez, Sabrina"]
[Result "1-0"]
[ECO "A15"]
[WhiteElo "2447"]
[BlackElo "2385"]
[PlyCount "81"]
[EventDate "2013.??.??"]
[EventCountry "POL"]
[WhiteTeam "Armenia"]
[BlackTeam "Spain"]
[WhiteTeamCountry "ARM"]
[BlackTeamCountry "ESP"]
[TimeControl "40/5400+30:1800+30"]

1. c4 Nf6 2. Nf3 g6 3. Nc3 Bg7 4. e4 d6 5. d4 O-O 6. h3 e5 7. d5 a5 8. Bg5 Na6
9. Be2 Qe8 10. g4 Kh8 11. Nd2 Ng8 12. h4 f6 13. Be3 f5 14. f3 Nf6 15. Nf1 f4
16. Bf2 Rf7 17. Nd2 Bd7 18. Kf1 Nc5 19. b3 Bf8 20. a3 Qc8 21. b4 axb4 22. axb4
Rxa1 23. Qxa1 Na6 24. Na2 h5 25. g5 Ng4 26. fxg4 hxg4 27. Qc3 c5 28. b5 Nc7 29.
Nc1 Ne8 30. Nd3 b6 31. h5 gxh5 32. g6 Rg7 33. Nxe5 Kg8 34. Nxd7 Qxd7 35. Rxh5
Be7 36. e5 dxe5 37. Qxe5 Nf6 38. Rh6 g3 39. Be1 Qd6 40. Qf5 Bf8 41. Qh3 1-0

[Event "ETCC Women 2013"]
[Site "Warsaw"]
[Date "2013.11.14"]
[Round "6"]
[White "Nevioselaya, Maria"]
[Black "Purgar, Ivona"]
[Result "1/2-1/2"]
[ECO "B46"]
[WhiteElo "2074"]
[BlackElo "2136"]
[PlyCount "165"]
[EventDate "2013.??.??"]
[EventCountry "POL"]
[WhiteTeam "Belarus"]
[BlackTeam "Croatia"]
[WhiteTeamCountry "BLR"]
[BlackTeamCountry "CRO"]
[TimeControl "40/5400+30:1800+30"]

1. e4 c5 2. Nf3 e6 3. d4 cxd4 4. Nxd4 Nc6 5. Nc3 a6 6. f4 Qb6 7. Nxc6 bxc6 8. Bd3 d5 9. Qf3 Bb7 10. f5 e5 11. Qg3 O-O-O 12. Bd2 Nf6 13. O-O-O c5 14. exd5 Nxd5 15. Nxd5 Bxd5 16. Qxe5 Bxa2 17. Bf4 Bd6 18.
Bxa6+ Qxa6 19. Rxd6 Rxd6 20. Qxd6 Qxd6 21. Bxd6 c4 22. Re1 Kd7 23. Bb4 Re8 24. Rd1+ Kc7 25. Ba5+ Kc6 26. g4 Re4 27. Rg1 f6 28. Rg3 Rf4 29. Be1 Re4 30. Kd2 Bb1 31. Rg1 Ba2 32. Bf2 c3+ 33. Kxc3 Bd5 34. Kd3 Rf4 35. Be3 Bc4+ 36. Kd2 Rf3 37. b3 Bd5 38.
c4 Be4 39. b4 Rh3 40. b5+ Kb7 41. c5 Rxh2+ 42. Kc3 Ra2 43. c6+ Kc7 44. Bc5 Rc2+ 45. Kd4 Bd3 46. Kxd3 Rxc5 47. Rb1 Kb6 48. Rb4 h5 49. gxh5 Rxf5 50. Rc4 Rd5+ 51. Ke4 Rxh5 52. Rc1 Rh8 53. Kd5 Rh5+ 54. Kd6 Rh8 55. Kd7 g5 56. Ke6 g4 57. c7 Kb7 58. Kd7 Rh7+ 59. Kd6 Rh8 60.
b6 f5 61. Kd7 Rh7+ 62. Kd8 Rh8+ 63. Kd7 Rh7+ 64. Kd6 Rh8 65. Kc5 Rh6 66. Kd5 Rh8 67. Kc5 Rh6 68. Kd4 Rh8 69. Rc5 g3 70. Ke3 f4+ 71. Kf3 Rg8 72.
Rd5 Kc8 73. Ra5 Kb7 74. Rd5 Kc8 75. Rd2 Rf8 76. Rd1 Rg8 77. Rd2 Rf8 78. Kg2 Rh8 79. Kf3 Rf8 80. Kg2 Rh8 81. Kf3 Rf8 82. Kg2 Rh8 83. Kf3 1/2-1/2

[Event "ETCC Women 2013"]
[Site "Warsaw"]
[Date "2013.11.14"]
[Round "6"]
[White "Newrkla, Katharina"]
[Black "Kaps, Darja"]
[Result "0-1"]
[ECO "B48"]
[WhiteElo "2173"]
[BlackElo "2221"]
[PlyCount "102"]
[EventDate "2013.??.??"]
[EventCountry "POL"]
[WhiteTeam "Austria"]
[BlackTeam "Slovenia"]
[WhiteTeamCountry "AUT"]
[BlackTeamCountry "SLO"]
[TimeControl "40/5400+30:1800+30"]

1. e4 c5 2. Nf3 Nc6 3. d4 cxd4 4. Nxd4 e6 5. Nc3 Qc7 6. Be3 a6 7. Qd2 Nf6 8.
O-O-O Be7 9. f3 h5 10. Qf2 h4 11. Kb1 d6 12. Bd3 Bd7 13. g4 Ne5 14. g5 Nh5 15. Rhg1 Rc8 16. f4 Nc4 17. Bxc4 Qxc4 18. f5 b5 19. g6 fxg6 20.
Rxg6 e5 21. Ne6 b4 22. Nd5 Qxe4 23. Nxe7 Kxe7 24. Bg5+ Ke8 25. Rxd6 Bb5 26. Nc5 Qh1+ 27. Bc1 Nf6 28. Rg1 Qa8 29. Re6+ Kf8 30. Rxe5 Bc4 31. b3 Bf7 32. Qd4 Qc6 33. Qxb4 Kg8 34. c4 Qf3 35. Ne6 Bxe6 36. fxe6 Qd3+ 37. Kb2 Qd4+ 38. Qc3 Qxg1 39. Rg5 Qf2+ 40. Ka3 Rh5 41. Be3 Qf3 42. Rxg7+ Kxg7 43. Bh6+ Rxh6 44. Qxf3 Re8 45. Qb7+ Kg6 46. Qxa6 Rh5 47. Qd6 Rf5 48. c5 Ra8+ 49. Kb4 Ne4 50. Qc7 Nxc5 51. Qb6 Rb8 0-1

[Event "ETCC Women 2013"]
[Site "Warsaw"]
[Date "2013.11.14"]
[Round "6"]
[White "Novak, Ksenija"]
[Black "Kopinits, Anna-Christina"]
[Result "0-1"]
[ECO "B10"]
[WhiteElo "2082"]
[BlackElo "2263"]
[PlyCount "68"]
[EventDate "2013.??.??"]
[EventCountry "POL"]
[WhiteTeam "Slovenia"]
[BlackTeam "Austria"]
[WhiteTeamCountry "SLO"]
[BlackTeamCountry "AUT"]
[TimeControl "40/5400+30:1800+30"]

1. c4 c6 2. e4 d5 3. cxd5 cxd5 4. exd5 Nf6 5. Nc3 Nxd5 6. d4 Nc6 7. Nf3 Bg4 8. Be2 e6 9. O-O Be7 10. Be3 Nxe3 11. fxe3 O-O 12. Rc1 Qa5 13. Nd2 Bxe2 14. Qxe2 Rac8 15. Nb3 Qd8 16. Rcd1 Nb4 17. Kh1 Nd5 18. Nxd5 Qxd5 19. e4 Qc4 20. Qf3 f6 21. d5 f5 22. e5 exd5 23.
Rxd5 Rcd8 24. Rfd1 Qe4 25. h3 Rxd5 26. Rxd5 Rd8 27. Rxd8+ Bxd8 28. Qc3 h6 29. Nc5 Qc6 30. Qb3+ Kh7 31. Nxb7 Bb6 32. Qf3 Qc1+ 33. Kh2 Bg1+ 34. Kg3 Qg5+ 0-1

[Event "ETCC Women 2013"]
[Site "Warsaw"]
[Date "2013.11.14"]
[Round "6"]
[White "Olsarova, Tereza"]
[Black "Cemhan, Kardelen"]
[Result "1-0"]
[ECO "C70"]
[WhiteElo "2248"]
[BlackElo "1993"]
[PlyCount "61"]
[EventDate "2013.??.??"]
[EventCountry "POL"]
[WhiteTeam "Czech Republic"]
[BlackTeam "Turkey"]
[WhiteTeamCountry "CZE"]
[BlackTeamCountry "TUR"]
[TimeControl "40/5400+30:1800+30"]

1. e4 e5 2. Nf3 Nc6 3. Bb5 a6 4. Ba4 Nge7 5. Bb3 d5 6. Nc3 Be6 7. Ng5 Qd7 8. d3 O-O-O 9. O-O h6 10. Nxe6 fxe6 11. Re1 g5 12. Qh5 Bg7 13.
Bd2 Kb8 14. Ba4 Qe8 15. Qxe8 Rhxe8 16. b4 Rf8 17. b5 axb5 18.
Nxb5 dxe4 19. Rxe4 Nd5 20. Rb1 Rf7 21. h4 gxh4 22. Rxh4 Rdf8 23. f3 Nf4 24. Be3 Rg8 25. Rg4 Ne7 26. Nc3 h5 27. Rg5 Nf5 28. Bc5 Nh4 29. Bc6 b6 30. Rb3 Nhxg2 31. Ra3 1-0

[Event "ETCC Women 2013"]
[Site "Warsaw"]
[Date "2013.11.14"]
[Round "6"]
[White "Ozturk, Kubra"]
[Black "Olsarova, Karolina"]
[Result "1/2-1/2"]
[ECO "D11"]
[WhiteElo "2281"]
[BlackElo "2275"]
[PlyCount "109"]
[EventDate "2013.??.??"]
[EventCountry "POL"]
[WhiteTeam "Turkey"]
[BlackTeam "Czech Republic"]
[WhiteTeamCountry "TUR"]
[BlackTeamCountry "CZE"]
[TimeControl "40/5400+30:1800+30"]

1. d4 d5 2. c4 c6 3. Nf3 Nf6 4. Qc2 dxc4 5. Qxc4 Bf5 6. g3 e6 7. Bg2 Nbd7 8. O-O Be7 9. e3 O-O 10. Rd1 Rc8 11. Qe2 Ne4 12. Nc3 Nxc3 13.
bxc3 Be4 14. Ne1 Bxg2 15. Nxg2 c5 16. e4 Nf6 17. Bb2 Qc7 18.
e5 Nd7 19. Ne3 Nb6 20. a4 cxd4 21. cxd4 Rfd8 22. Qb5 Qd7 23. Rd3 h5 24. Rb3 Qxb5 25. Rxb5 Rc7 26. Kg2 Rdd7 27. a5 Nc4 28. Nxc4 Rxc4 29. a6 bxa6 30. Rxa6 Rcc7 31. Rb3 Rb7 32. Rxb7 Rxb7 33. Bc1 Rd7 34. Be3 Bb4 35. Kf3 Kf8 36. h3 Ke7 37. g4 hxg4+ 38. hxg4 f6 39. Ke4 fxe5 40. dxe5 Rc7 41. Rxa7 Rxa7 42. Bxa7 Ke8 43. Bd4 Ba3 44. f3 Bb4 45. Kd3 Kd7 46. Kc4 Bd2 47. Bc5 Bf4 48. Kd4 Ke8 49. Bd6 Bc1 50. Ke4 Bd2 51. f4 g6 52. f5 gxf5+ 53. gxf5 exf5+ 54. Kxf5 Bc3 55. Ke6 1/2-1/2